 Dungeon Crawl Stone Soup version 0.24-a0-201-gf205589 (webtiles) character file.

Game seed: 13872008391656142627

537 Borgoz the Cutter (level 7, -6/67 HPs)
             Began as a Halfling Gladiator on Mar 24, 2019.
             Killed from afar by Dowan (10 damage)
             ... with a puff of flame
             ... on level 4 of the Dungeon.
             The game lasted 00:10:59 (4826 turns).

Borgoz the Cutter (Halfling Gladiator)              Turns: 4826, Time: 00:11:01

Health: -6/67      AC:  5    Str: 20    XL:     7   Next: 50%
Magic:  7/7        EV: 17    Int:  8    God:
Gold:   200        SH:  0    Dex: 16    Spells: 1/6 levels left

rFire    . . .     SeeInvis .   a - +0 rapier
rCold    . . .     Gourm    .   (shield restricted)
rNeg     . . .     Faith    .   q - +0 leather armour
rPois    .         Spirit   .   c - +0 helmet
rElec    .         Reflect  .   h - +0 cloak
rCorr    .         Harm     .   o - -1 pair of gloves (curse)
MR       .....                  (no boots)
Stlth    ..........             (no amulet)
HPRegen  0.21/turn              (no ring)
MPRegen  0.10/turn              (no ring)

@: berserking, very quick
A: small, mutation resistance 1
a: no special abilities


You were on level 4 of the Dungeon.
You were not hungry.

You visited 1 branch of the dungeon, and saw 4 of its levels.

You collected 200 gold pieces.

Inventory:

Hand Weapons
 a - a +0 rapier (weapon)
 b - a +0 hunting sling
 j - a +3 dagger
 k - a +1 vampiric dagger
 B - a +0 rapier
 C - a +0 blowgun
Missiles
 p - 6 tomahawks (quivered)
 r - 115 stones
 s - 17 poisoned needles
 w - 6 curare-tipped needles
Armour
 c - a +0 helmet (worn)
 h - a +0 cloak (worn)
 n - a +4 chain mail
 o - a cursed -1 pair of gloves (worn)
 q - a +0 leather armour (worn)
 H - a +0 helmet
Jewellery
 A - an uncursed amulet of harm {unknown}
Wands
 I - a wand of iceblast (11)
Scrolls
 g - 3 scrolls of teleportation {unknown}
 i - 3 scrolls of remove curse {unknown}
Potions
 u - a potion of flight
 v - a potion of cancellation
 E - a potion of brilliance
Comestibles
 f - 9 rations


   Skills:
 + Level 2.6 Fighting
 * Level 5.5 Short Blades
 + Level 2.8(4.0) Slings
 + Level 3.0(3.2) Throwing
 * Level 3.3 Armour
 * Level 5.0 Dodging
 + Level 2.3 Stealth


You had one spell level left.
You knew the following spells:

 Your Spells              Type           Power        Failure   Level  Hunger
a - Blink                 Tloc           N/A          58%         2    ###....
b - Mephitic Cloud        Conj/Pois/Air  #.......     83%         3    ####...

Your spell library contained the following spells:

 Spells                   Type           Power        Failure   Level  Hunger
 Magic Dart               Conj           #...         45%         1    ##.....
 Summon Small Mammal      Summ           #...         45%         1    ##.....
 Call Imp                 Summ           #.......     58%         2    ###....
 Slow                     Hex            #.......     58%         2    ###....
 Call Canine Familiar     Summ           #.......     83%         3    ####...
 Conjure Flame            Conj/Fire      #.......     83%         3    ####...
 Summon Guardian Golem    Hex/Summ       #.......     83%         3    ####...
 Summon Ice Beast         Ice/Summ       #.......     99%         4    #####..
 Summon Lightning Spire   Summ/Air       #.......     99%         4    #####..


Dungeon Overview and Level Annotations

Branches:
Dungeon (4/15)
 Temple: D:4-7

Altars:
Dithmenos
Nemelex Xobeh
Okawaru
Qazlal
Yredelemnul

Annotations:
D:4 Dowan, Duvessa


Innate Abilities, Weirdness & Mutations

You are small and have problems with some larger weapons.
You are somewhat resistant to further mutation.


Message History

Throwing (i - inventory. (/) - cycle)
d - a throwing net (quivered)
Press: ? - help, Shift-Dir - straight line, f/p - Duvessa
Aim: Duvessa, wielding a +0 short sword and wearing a +0 leather armour (moderately wounded, fast)
You throw a throwing net. The throwing net hits Duvessa.
Duvessa is caught in the net!
Duvessa is moderately wounded.
Duvessa struggles against the net.
Dowan hits you with a +0 dagger of protection.
* * * LOW HITPOINT WARNING * * *
The orc wizard gestures at you while chanting.
The magic dart hits you.
* * * LOW HITPOINT WARNING * * *
Duvessa struggles against the net.
It was a potion of berserk rage.
A red film seems to cover your vision as you go berserk!
You feel yourself moving faster!
You feel mighty!
Duvessa struggles against the net.
Dowan points at you and mumbles some strange words.
The puff of flame hits you!
You die...

#....... #....... # ...# #.......
..#..############## #.......
..#...............########.......
................................
#.................)............
###.............o)..)............
...............e@.........####+##
..........[.....e.........#......
..................##'######......
..................#......#.......
⌠.................#......##......
.....######.......#......##......
⌠....# #.......#..............
.....# #.......+..............
.....# #.......#..............


You could see Duvessa (caught), Dowan and an orc wizard.

Vanquished Creatures
  A howler monkey (D:3)
  3 orc priests
  2 orc wizards (D:3)
  Jessica (D:2)
  An iguana (D:4)
  Natasha (thrice) (D:2)
  Ijyb (D:4)
  Robin (D:4)
  7 adders
  2 oozes (D:1)
  An adder skeleton (D:4)
  3 worms
  A leopard gecko (D:3)
  15 orcs
  3 ball pythons
  3 giant cockroaches
  15 goblins
  8 hobgoblins
  6 jackals
  7 bats
  4 frilled lizards
  10 kobolds
  8 rats
  A spectral orc (D:2)
107 creatures vanquished.

Notes
Turn   | Place    | Note
-------+----------+-------------------------------------------
     0 | D:1      | Borgoz the Halfling Gladiator began the quest for the Orb.
     0 | D:1      | Reached XP level 1. HP: 14/14 MP: 1/1
   106 | D:1      | Reached XP level 2. HP: 19/19 MP: 2/2
   450 | D:1      | Reached XP level 3. HP: 22/24 MP: 3/3
   496 | D:1      | Reached skill level 1 in Armour
  1304 | D:2      | Noticed Natasha
  1311 | D:2      | Killed Natasha
  1311 | D:2      | Reached XP level 4. HP: 29/29 MP: 4/4
  1360 | D:2      | Found a basalt altar of Yredelemnul.
  1381 | D:2      | Noticed Natasha
  1391 | D:2      | Killed Natasha
  1391 | D:2      | Reached skill level 1 in Stealth
  1391 | D:2      | Reached XP level 5. HP: 34/34 MP: 5/5
  1412 | D:2      | Reached skill level 1 in Slings
  1488 | D:2      | Noticed Natasha
  1503 | D:2      | Killed Natasha
  1529 | D:2      | Found an iron altar of Okawaru.
  1544 | D:2      | Noticed Jessica
  1568 | D:2      | Killed Jessica
  1718 | D:2      | Found a stormy altar of Qazlal.
  2191 | D:2      | Reached XP level 6. HP: 19/39 MP: 6/6
  2715 | D:3      | Reached skill level 5 in Short Blades
  2966 | D:3      | Found a shadowy altar of Dithmenos.
  3510 | D:4      | Learned a level 2 spell: Blink
  3514 | D:4      | Learned a level 3 spell: Mephitic Cloud
  3538 | D:4      | Reached XP level 7. HP: 41/45 MP: 7/7
  3613 | D:4      | Noticed Robin
  3887 | D:4      | Killed Robin
  4017 | D:4      | Noticed Ijyb
  4033 | D:4      | Killed Ijyb
  4051 | D:4      | Found a sparkling altar of Nemelex Xobeh.
  4093 | D:4      | Noticed Dowan
  4096 | D:4      | Noticed Duvessa
  4137 | D:3      | HP: 2/45 [something (5)]
  4429 | D:3      | Reached skill level 5 in Dodging
  4826 | D:4      | Killed from afar by Dowan

Levels and vault maps discovered:
D:1:      lightli_arrival_chessboard, layout_basic
D:2:      layout_loops_corners, yredelemnul_forgotten_temple_becter,
          nicolae_overflow_crystal_walls, grunt_qazlal_clouds, minivault_14,
          uniq_natasha, uniq_jessica
D:3:      layout_basic, lemuel_crystal_altar, first_ration, corner_web_ring,
          minmay_misc_feat_nine_boxes, chequers_serial_rivers_micro_c
D:4:      layout_gridville, nemelex_xobeh_ov_fountains_minmay,
          minmay_misc_feat_alley, serial_park_tiny_2, uniq_robin, uniq_ijyb,
          uniq_duvessa

Skill      XL: |  1  2  3  4  5  6  7 |
---------------+----------------------+-----
Short Blades   | 4 5 |  5.5
Armour         | 1 2 3 |  3.3
Fighting       | 2 |  2.6
Dodging        | 4 5 |  5.0
Stealth        | 1 2 |  2.3
Slings         | 1 2 |  2.8
Throwing       | 3 |  3.0

Action                   |  1- 3 |  4- 6 |  7- 9 || total
-------------------------+-------+-------+-------++-------
Melee: Rapier            |    84 |   217 |   112 ||   413
Throw: Throwing net      |       |       |     3 ||     3
  Use: Scroll            |       |       |     8 ||     8
       Potion            |       |       |     8 ||     8
 Stab: Sleeping          |       |     6 |       ||     6
       Held in net/web   |       |       |     1 ||     1
  Eat: Chunk             |     1 |     7 |     5 ||    13
Armor: Leather armour    |    18 |    32 |    28 ||    78
       Skin              |       |       |     9 ||     9
Dodge: Dodged            |    80 |   164 |   118 ||   362

Table legend:
 A = Non-vault XP
 B = Vault XP
 C = Vault XP percentage of total XP
 D = Non-vault monster count
 E = Vault monster count
 F = Vault count percentage of total count
                 A         B        C        D         E       F
            +---------+---------+-------+---------+---------+-------
      Total |     625 |     143 |  18.6 |      92 |      15 |  14.0
            +---------+---------+-------+---------+---------+-------
        D:1 |      34 |       0 |   0.0 |      17 |       0 |   0.0
        D:2 |     246 |      74 |  23.1 |      33 |       3 |   8.3
        D:3 |     277 |       6 |   2.1 |      36 |       3 |   7.7
        D:4 |      68 |      63 |  48.1 |       6 |       9 |  60.0
            +---------+---------+-------+---------+---------+-------
